 Dungeon Crawl Stone Soup version 0.24.0-123-gd5b16e6ec5 (webtiles) character file.

Game seed: 14329362884180591740, levelgen mode: deterministic

1195 Peloso the Slasher (level 8, -3/69 HPs)
             Began as a Minotaur Fighter on Dec 16, 2019.
             Was an Initiate of Okawaru.
             Engulfed by a cloud of flame (23 damage)
             ... on level 4 of the Dungeon.
             The game lasted 00:09:02 (4960 turns).

Peloso the Slasher (Minotaur Fighter)               Turns: 4960, Time: 00:09:03

Health: -3/69      AC:  8    Str: 22    XL:     8   Next: 20%
Magic:  0/0        EV:  9    Int:  5    God:    Okawaru [......]
Gold:   340        SH: 10    Dex: 11    Spells: 7/7 levels left

rFire    . . .     SeeInvis .   a - +1 long sword
rCold    . . .     Gourm    .   c - +0 shield
rNeg     + . .     Faith    .   w - +1 ring mail of Myac Qoch {rN+ MR+ MP-9}
rPois    +         Spirit   .   (helmet restricted)
rElec    .         Reflect  .   (no cloak)
rCorr    .         Harm     .   v - +0 pair of gloves
MR       +....                  (no boots)
Stlth    +.........             n - amulet of magic regeneration
HPRegen  0.21/turn              (no ring)
MPRegen  0.32/turn              i - ring of poison resistance

@: no status effects
A: retaliatory headbutt, horns 2
a: Renounce Religion


You were on level 4 of the Dungeon.
You worshipped Okawaru.
Okawaru was noncommittal.
You were not hungry.

You visited 1 branch of the dungeon, and saw 7 of its levels.

You collected 340 gold pieces.

Inventory:

Hand Weapons
 a - a +1 long sword (weapon)
Armour
 b - a +0 chain mail
 c - a +0 shield (worn)
 o - a +0 cloak
 p - a +0 shield
 v - a +0 pair of gloves (worn)
 w - the +1 ring mail of Myac Qoch (worn) {rN+ MR+ MP-9}
   (You found it on level 4 of the Dungeon)

   It protects you from negative energy.
   It affects your resistance to hostile enchantments.
   It affects your magic capacity (-9).
Jewellery
 h - an uncursed ring of stealth
 i - a ring of poison resistance (right hand)
 n - an amulet of magic regeneration (around neck)
Wands
 d - a wand of flame (19)
 r - a wand of random effects (14)
Scrolls
 e - 2 scrolls of identify
 g - 3 scrolls of enchant weapon
 j - 2 scrolls of teleportation
 k - a scroll of fog
 t - a scroll of enchant armour {unknown}
 u - 2 scrolls of fear
Potions
 l - a potion of agility
 m - a potion of flight
 q - a potion of might
 s - a potion of curing
Miscellaneous
 x - a lamp of fire
Comestibles
 f - 15 rations


   Skills:
 + Level 5.4 Fighting
 + Level 7.8 Long Blades
 + Level 6.8 Armour
 + Level 1.9 Dodging
 + Level 0.5 Stealth
 + Level 6.1 Shields


You had 7 spell levels left.
You didn't know any spells.
Your spell library was empty.

Dungeon Overview and Level Annotations

Branches:
Dungeon (7/15)
 Temple: D:4-7

Altars:
Cheibriados
Kikubaaqudgha
Makhleb
Okawaru
Vehumet
Wu Jian
Xom
The Shining One

Annotations:
D:4 2 transporters, diiiiiane's ghost, amateur OpAs


Innate Abilities, Weirdness & Mutations

You reflexively headbutt those who attack you in melee.
You have a pair of horns on your head.


Message History

HP restored.
Really walk into a travel-excluded area?
Really walk into a travel-excluded area? [Y]es or [N]o only, please.
Really walk into a travel-excluded area? [Y]es or [N]o only, please.
Really walk into a travel-excluded area? [Y]es or [N]o only, please.
Really walk into a travel-excluded area?
Okay, then.
Really walk into a travel-excluded area?
You are engulfed in blazing flames.
You see here a shield.
p - a shield You are engulfed in blazing flames.
You are engulfed in blazing flames.
* * * LOW HITPOINT WARNING * * *
f - 15 rations (gained 1)
You are engulfed in blazing flames.
You die...

...... ..
..##.#.....#######
..##... .#####.##.#.##
#...# #.#.#### #☼§○#
#......# #°°§#
#.<....# . #○☼§#
#......#
..#####...#####......#
...☼°○.(...☼°§.......#
...§°☼.....§@○..######
....○☼..[..§☼○.##
..#####...###### #☼☼§#
#§°§# #○○○# #...#
#####


There were no monsters in sight!

Vanquished Creatures
  Joseph (D:7)
  Grinder (D:3)
  A sky beast (D:7)
  A bullfrog (D:7)
  A scorpion (D:6)
  A howler monkey (D:2)
  A crimson imp (D:5)
  A hound (D:7)
  An orc wizard (D:5)
  3 worker ants
  2 hound skeletons
  3 adders
  13 gnolls
  2 oozes
  3 worms
  3 dart slugs
  4 leopard geckos
  8 orcs
  4 ball pythons
  5 bats
  4 giant cockroaches
  6 goblins
  4 hobgoblins
  10 jackals
  8 kobolds
  3 quokkas
  A ball python skeleton (D:4)
  4 frilled lizards
  A leopard gecko skeleton (D:3)
  6 rats
106 creatures vanquished.

Vanquished Creatures (others)
  An iguana (D:4)
  A giant cockroach (D:4)
2 creatures vanquished.

Grand Total: 108 creatures vanquished

Notes
Turn   | Place    | Note
-------+----------+-------------------------------------------
     0 | D:1      | Peloso the Minotaur Fighter began the quest for the Orb.
     0 | D:1      | Reached XP level 1. HP: 19/19 MP: 0/0
   110 | D:1      | Reached XP level 2. HP: 27/27 MP: 1/1
   400 | D:1      | Reached XP level 3. HP: 25/33 MP: 2/2
  1099 | D:2      | Reached skill level 3 in Long Blades
  1224 | D:1      | Reached XP level 4. HP: 37/40 MP: 3/3
  1563 | D:2      | Reached skill level 5 in Armour
  1766 | D:2      | Reached XP level 5. HP: 46/46 MP: 4/4
  2316 | D:3      | Reached skill level 4 in Long Blades
  2575 | D:3      | Noticed Grinder
  2580 | D:3      | Paralysed by Grinder for 3 turns
  2848 | D:3      | Reached skill level 1 in Dodging
  2943 | D:3      | Reached XP level 6. HP: 53/53 MP: 5/5
  2953 | D:3      | Paralysed by Grinder for 6 turns
  2961 | D:3      | Paralysed by Grinder for 2 turns
  2963 | D:3      | Killed Grinder
  2963 | D:3      | Reached skill level 5 in Long Blades
  2963 | D:3      | Reached skill level 5 in Shields
  3305 | D:3      | Found a glowing golden altar of the Shining One.
  3628 | D:3      | Found a shimmering altar of Xom.
  3757 | D:4      | Found a transporter.
  3767 | D:4      | Found a radiant altar of Vehumet.
  3838 | D:4      | Noticed diiiiiane's ghost (amateur OpAs)
  3850 | D:4      | Found a transporter.
  3875 | D:4      | You fall into a shaft and drop 3 floors!
  3911 | D:7      | Found a burning altar of Makhleb.
  3916 | D:7      | Noticed a sky beast
  3920 | D:7      | Reached XP level 7. HP: 60/60 MP: 6/6
  3939 | D:7      | Reached skill level 5 in Fighting
  3939 | D:7      | Reached skill level 6 in Long Blades
  4162 | D:7      | Noticed Joseph
  4175 | D:7      | Killed Joseph
  4175 | D:7      | Reached skill level 7 in Long Blades
  4175 | D:7      | Reached XP level 8. HP: 8/68 MP: 7/7
  4448 | D:7      | Found an iron altar of Okawaru.
  4452 | D:7      | Became a worshipper of Warmaster Okawaru
  4465 | D:7      | Found an ornate altar of the Wu Jian Council.
  4468 | D:7      | Found an ancient bone altar of Kikubaaqudgha.
  4484 | D:7      | Found a snail-covered altar of Cheibriados.
  4553 | D:5      | Entered Level 5 of the Dungeon
  4794 | D:4      | Got an ancient ring mail
  4805 | D:4      | Identified the +1 ring mail of Myac Qoch {rN+ MR+ MP-9}
                  | (You found it on level 4 of the Dungeon)
  4960 | D:4      | Engulfed by a cloud of flame

Levels and vault maps discovered:
D:1:      evilmike_arrival_hilbert_curve, layout_loops_ring,
          chequers_serial_rivers_micro_a
D:2:      layout_basic
D:3:      layout_loops_ring, tso_oasis_becter, first_ration, tgw_xom,
          uniq_grinder
D:4:      layout_rooms, kennysheep_mini_moat, gammafunk_ghost_stat_death,
          lemuel_flame_loot_1
D:5:      layout_cave_pools, lemuel_round_altar, kennysheep_little_box,
          basic_altar, minmay_misc_feat_ornament, hangedman_decor_diamond_cutter
D:6:      kennysheep_orc_sif_temple, layout_cave_pools, evilmike_ruin_ashenzari,
          old_standard_altar, minmay_temple_entry_proselytizer, serial_park,
          serial_park_square3 [serial_park_minivault_5x5_8],
          cheibrodos_worm_habitat
D:7:      layout_layer_cave, bloody_makhleb, grunt_temple_overflow_cloverleaf,
          uniq_menkaure, uniq_joseph

Skill      XL: |  1  2  3  4  5  6  7 |
---------------+----------------------+-----
Armour         | 4 5 6 |  6.8
Shields        | 4 5 6 |  6.1
Fighting       | 4 5 |  5.4
Long Blades    | 3 4 5 7 |  7.8
Dodging        | 1 |  1.9
Stealth        | |  0.5

Action                   |  1- 3 |  4- 6 |  7- 9 || total
-------------------------+-------+-------+-------++-------
Melee: Long sword        |    82 |   164 |    57 ||   303
       Headbutt          |     9 |    28 |    13 ||    50
  Use: Potion            |       |     3 |     1 ||     4
       Scroll            |       |     7 |     3 ||    10
  Eat: Chunk             |     1 |     8 |     4 ||    13
Armor: Scale mail        |    22 |       |       ||    22
       Chain mail        |    33 |    81 |    33 ||   147
Dodge: Dodged            |    25 |    49 |    18 ||    92
Block: Shield            |    53 |    83 |    27 ||   163
       Rpst.: Long sword |     6 |     7 |     7 ||    20
